 Dungeon Crawl Stone Soup version 0.30-a0-1112-gfb780f5df6 (webtiles) character file.

Game seed: 13547193514359306892

109 Newt the Trooper (level 4, -1/37 HPs)
             Began as a Demonspawn Gladiator on Apr 19, 2023.
             Constricted to death by Natasha (2 damage)
             ... on level 2 of the Dungeon.
             The game lasted 00:01:37 (1643 turns).

Newt the Trooper (Demonspawn Gladiator)             Turns: 1643, Time: 00:01:37

Health: -1/37      AC:  4    Str: 17    XL:     4   Next: 59%
Magic:  4/4        EV: 10    Int:  9    God:
Gold:   83         SH:  0    Dex: 14    Spells: 2/3 levels left

rFire   . . .      SeeInvis .    h - +4 dagger
rCold   . . .      Faith    .    (no shield)
rNeg    . . .      Spirit   .    b - +0 leather armour
rPois   .          Reflect  .    c - +0 helmet
rElec   .          Rampage  .    (no cloak)
rCorr   .                        (no gloves)
Will    .....                    (no boots)
Stlth   +                        (no amulet)
HPRegen 0.26/turn                (no ring)
MPRegen 0.18/turn                (no ring)

@: grasped by roots, constricted
A: ignite blood 1, magic regeneration
a: no special abilities


You were on level 2 of the Dungeon.
You visited 1 branch of the dungeon, and saw 2 of its levels.

You collected 83 gold pieces.

Inventory:

Hand Weapons
 a - a +0 rapier
 h - a +4 dagger (weapon)
Missiles
 d - 3 throwing nets (quivered)
 e - a javelin
 l - 10 stones
Armour
 b - a +0 leather armour (worn)
 c - a +0 helmet (worn)
 k - a +0 tower shield
Scrolls
 m - a scroll of immolation {unknown}
 n - a scroll of enchant armour {unknown}
Potions
 f - 2 potions of heal wounds {unknown}
 g - 2 potions of curing {unknown}
 i - a potion of degeneration {unknown}
 j - 3 potions of attraction {unknown}
 o - a potion of ambrosia {unknown}
 p - a potion of haste {unknown}


   Skills:
 - Level 4.0 Fighting
 - Level 2.6 Short Blades
 - Level 1.7 Throwing
 + Level 3.7 Dodging


You had 2 spell levels left.
You knew the following spells:

 Your Spells              Type           Power      Damage    Failure   Level
a - Summon Small Mammal   Summ           0%         N/A       45%         1

Your spell library contained the following spells:

 Spells                   Type           Power      Damage    Failure   Level
 Blink                    Tloc           0%         N/A       58%         2
 Lesser Beckoning         Tloc           0%         N/A       58%         2
 Momentum Strike          Conj/Tloc      0%         3d8       58%         2
 Call Canine Familiar     Summ           0%         N/A       83%         3
 Summon Guardian Golem    Hex/Summ       0%         N/A       83%         3
 Malign Gateway           Summ/Tloc      0%         N/A       100%        7
 Summon Horrible Things   Summ           0%         N/A       100%        8


Dungeon Overview and Level Annotations

Branches:
Dungeon (2/15)

Altars:
Wu Jian

Annotations:
D:2 Natasha


Innate Abilities, Weirdness & Mutations

Your demonic aura sometimes causes spilled blood to erupt in flames.
You regenerate magic rapidly.


Message History

The grasping roots constrict you.
You escape the roots grasp.
Natasha zaps a wand.
The roots erupt in riotous growth!
The grasping roots grab you! The grasping roots constrict you.
You escape the roots grasp.
Natasha claws you.
You hit Natasha.
Natasha is moderately wounded.
You hit Natasha.
Natasha is moderately wounded.
Natasha misses you.
You barely miss Natasha.
Natasha is moderately wounded.
Natasha zaps a wand.
The roots erupt in riotous growth!
The grasping roots grab you!
Natasha is unaffected.
The grasping roots constrict you.
You hit Natasha.
Natasha is heavily wounded.
Natasha claws you. The grasping roots constrict you.
You are too injured to fight recklessly!
You are too injured to fight recklessly!
You are too injured to fight recklessly!
You are too injured to fight recklessly!
You hit Natasha.
Natasha is heavily wounded.
Natasha barely misses you. The grasping roots constrict you.
You closely miss Natasha.
Natasha is heavily wounded.
Natasha claws you but does no damage. The grasping roots constrict you.
* * * LOW HITPOINT WARNING * * *
Unknown command.
Throw: 4 throwing nets
Press: ? - help, Shift-Dir - straight line, f - Natasha
Aim: Natasha, carrying a wand of roots (7) (heavily wounded, 53% to hit)
You throw a throwing net.
The throwing net closely misses Natasha.
Natasha claws you!
* * * LOW HITPOINT WARNING * * *
The grasping roots constrict you.
You die...

##.#..#.# #.............).....#.#
##.#....###......................
...#.........##.....#............
##.#..#.##........#.#..###....###
##...........##..............####
.............##.............#....
..##...####.......#.#.......#.###
.......#......................#..
[...............@................
#.#..........##h#.#....#.######..
#.#..#.####..##.#.#....#.#### #.#
#...................>.......###.#
...^.#.####......................
#.##.#.# #.<...#.##.#...#..###.#
#....#.# #####..................
#.#..#.########.#.##.##.##.#.##.#
#######...........##.##.##.#.##.#


You could see Natasha.

Vanquished Creatures
  Natasha (twice) (D:2)
  3 adders (D:2)
  2 bats
  5 endoplasms
  3 giant cockroaches
  4 goblins
  2 hobgoblins
  2 jackals (D:2)
  2 kobolds (D:1)
  A ball python (D:1)
  3 frilled lizards
  3 rats (D:1)
32 creatures vanquished.

Vanquished Creatures (collateral kills)
  A hobgoblin (D:2)
1 creature vanquished.

Grand Total: 33 creatures vanquished

Notes
Turn   | Place    | Note
-------+----------+-------------------------------------------
     0 | D:1      | Newt the Demonspawn Gladiator began the quest for the Orb.
     0 | D:1      | Reached XP level 1. HP: 16/16 MP: 1/1
   290 | D:1      | Gained mutation: Your demonic aura sometimes causes spilled
                  | blood to erupt in flames. [demonic ancestry]
   290 | D:1      | Reached XP level 2. HP: 23/23 MP: 2/2
   553 | D:1      | Reached skill level 3 in Fighting
   829 | D:2      | Learned a level 1 spell: Summon Small Mammal
   837 | D:2      | Gained mutation: You regenerate magic rapidly. [demonic
                  | ancestry]
   837 | D:2      | Reached XP level 3. HP: 15/29 MP: 3/3
  1023 | D:2      | Noticed Natasha
  1029 | D:2      | Killed Natasha
  1030 | D:2      | Reached skill level 4 in Fighting
  1030 | D:2      | Reached XP level 4. HP: 30/37 MP: 4/4
  1097 | D:2      | Found an ornate altar of the Wu Jian Council.
  1429 | D:2      | Noticed Natasha
  1437 | D:2      | Killed Natasha
  1631 | D:2      | Noticed Natasha
  1643 | D:2      | HP: 1/37 [Natasha (8)]
  1643 | D:2      | Constricted to death by Natasha

Illustrated notes

Levels and vault maps discovered:
D:1:      lemuel_arrival_muddy, layout_loops_cross
D:2:      layout_basic, basic_altar, minmay_misc_feat_rugged, uniq_natasha

Skill      XL: |  1  2  3 |
---------------+----------+-----
Fighting       | 3 4 |  4.0
Dodging        | 3 |  3.7
Short Blades   | |  2.6
Throwing       | |  1.7

Action                     |  1- 3 |  4- 6 || total
---------------------------+-------+-------++-------
  Melee: Rapier            |    48 |       ||    48
         Dagger            |    16 |    26 ||    42
         Punch             |       |     1 ||     1
  Throw: Throwing net      |       |     1 ||     1
   Cast: Summon Small Mamm |       |     2 ||     2
    Use: Scroll            |     1 |       ||     1
   Stab: Sleeping          |     2 |       ||     2
 Armour: Leather armour    |    11 |     5 ||    16
  Dodge: Dodged            |    36 |    12 ||    48

Table legend: (Time is in decaauts)
 A = Elapsed time spent in this place.
 B = Non-inter-level travel time spent in this place.
 C = Inter-level travel time spent in this place.
 D = Time resting spent in this place.
 E = Time spent auto-exploring this place.
 F = Levels seen in this place.
 G = Mean time per level.
                   A        B        C        D        E       F      G
               +--------+--------+--------+--------+--------+-----+--------+
         Total |   1640 |   1508 |    132 |    173 |   1119 |   2 |  820.0 |
       Dungeon |   1640 |   1508 |    132 |    173 |   1119 |   2 |  820.0 |
               +--------+--------+--------+--------+--------+-----+--------+

Top non-repeatable levels by time:
     D:1: 821 daAuts
     D:2: 818 daAuts
